 Dungeon Crawl Stone Soup version 0.29.1-13-g9f3cf754e1 (webtiles) character file.

Game seed: 10219245365014336902

11894 leafyfresh the Covert (level 11, 0/89 HPs)
             Began as a Gnoll Delver on Feb 3, 2023.
             Was a High Priest of Okawaru.
             Slain by Fannar
             ... wielding a staff of cold
              (6 damage)
             ... on level 11 of the Dungeon.
             The game lasted 00:58:28 (16086 turns).

leafyfresh the Covert (Gnoll Delver)               Turns: 16086, Time: 00:58:28

Health: 0/89       AC:  7    Str: 12    XL:     11   Next: 84%
Magic:  8/21       EV: 17    Int: 15    God:    Okawaru [*****.]
Gold:   394        SH:  5    Dex: 18    Spells: 7/23 levels left

rFire   . . .      SeeInvis .   e - +6 hand axe (freeze)
rCold   . . .      Faith    .   (no shield)
rNeg    . . .      Spirit   .   F - +0 steam dragon scales
rPois   .          Reflect  +   y - +1 hat
rElec   .          Harm     .   (no cloak)
rCorr   .          Rampage  .   (no gloves)
Will    .....                   (no boots)
Stlth   +++++.....              E - amulet of reflection
HPRegen 0.24/turn               n - ring of wizardry
MPRegen 0.17/turn               K - +6 ring of intelligence

@: freezing walls
A: fangs 1, strong nose, distributed training
a: Renounce Religion, Heroism, Finesse, Duel


You were on level 11 of the Dungeon.
You worshipped Okawaru.
Okawaru was extremely pleased with you.
You visited 3 branches of the dungeon, and saw 14 of its levels.

You collected 752 gold pieces.
You spent 358 gold pieces at shops.

Inventory:

Hand Weapons
 e - a +6 hand axe of freezing (weapon)
 h - a +6 shortbow of freezing
 m - a +4 short sword
 I - a +2 dagger of speed
Missiles
 q - 2 throwing nets
 w - 3 javelins
 z - 5 curare-tipped darts (quivered)
 D - 6 datura-tipped darts
 G - 3 atropa-tipped darts
Armour
 b - a +1 leather armour
 j - a +0 ring mail of positive energy
 t - a +2 ring mail of cold resistance
 y - a +1 hat (worn)
 B - a +2 robe of willpower
 F - +0 steam dragon scales (worn)
Jewellery
 n - a ring of wizardry (left hand)
 A - the amulet of Elemental Vulnerability {rPois rF-- rC-- AC+8}
   (You found it on level 9 of the Dungeon)

   [amulet of nothing]

   AC:        It affects your AC (+8).
   rF:        It makes you very vulnerable to fire.
   rC:        It makes you very vulnerable to cold.
   rPois:     It protects you from poison.
 E - an amulet of reflection (around neck)
 J - an amulet of magic regeneration
 K - a +6 ring of intelligence (right hand)
Wands
 g - a wand of digging (6)
 v - a wand of mindburst (11)
 C - a wand of paralysis (6)
Scrolls
 c - a scroll of fog
 d - 3 scrolls of magic mapping
 i - 2 scrolls of noise
 k - 3 scrolls of fear
 p - 5 scrolls of teleportation
 L - a scroll of amnesia {unknown}
Potions
 a - 2 potions of ambrosia
 f - 2 potions of haste
 l - 3 potions of flight
 o - 5 potions of curing
 r - 3 potions of attraction {unknown}
 s - 2 potions of cancellation
 u - a potion of magic
 x - 2 potions of might
 H - a potion of berserk rage {unknown}


   Skills:
 + Level 9.6 Fighting
 + Level 6.9 Short Blades
 + Level 6.9 Long Blades
 + Level 6.9 Axes
 + Level 6.9 Maces & Flails
 + Level 8.4 Polearms
 + Level 6.9 Staves
 + Level 6.9 Ranged Weapons
 + Level 6.9 Throwing
 + Level 6.9 Armour
 + Level 8.4 Dodging
 + Level 11.7 Stealth
 + Level 6.9 Shields
 + Level 6.9 Unarmed Combat
 + Level 6.9 Spellcasting
 + Level 5.7 Conjurations
 + Level 5.7 Hexes
 + Level 5.7 Summonings
 + Level 5.7 Necromancy
 + Level 5.7 Translocations
 + Level 5.7 Transmutations
 + Level 5.7 Fire Magic
 + Level 5.7 Ice Magic
 + Level 5.7 Air Magic
 + Level 5.7 Earth Magic
 + Level 5.7 Poison Magic
 + Level 7.6 Invocations
 + Level 6.9 Evocations


You had 7 spell levels left.
You knew the following spells:

 Your Spells              Type           Power      Damage    Failure   Level
a - Magic Dart            Conj           88%        1d7       1%          1
b - Mephitic Cloud        Conj/Pois/Air  22%        N/A       1%          3
c - Frozen Ramparts       Ice            44%        1d7       1%          3
d - Olgreb's Toxic Radia  Pois           22%        N/A       4%          4
e - Irradiate             Conj/Tmut      11%        3d15      14%         5

Your spell library contained the following spells:

 Spells                   Type           Power      Damage    Failure   Level
 Freeze                   Ice            88%        1d10      1%          1
 Sting                    Tmut/Pois      88%        1d7       1%          1
 Poisonous Vapours        Pois/Air       44%        N/A       1%          2
 Hailstorm                Conj/Ice       22%        3d7       4%          4
 Blade Hands              Tmut           11%        N/A       14%         5
 Dragon Form              Tmut           11%        N/A       98%         7
 Call Imp                 Summ           Unusable   N/A       N/A         2

Dungeon Overview and Level Annotations

Branches:
Dungeon (12/15)            Temple (1/1) D:5            Lair (0/5) D:11
    Orc (1/2) D:9

Altars:
Hepliaklqana
Makhleb
Nemelex Xobeh
Okawaru
Ru
Sif Muna
Vehumet
Xom

Shops:
D:1 [[?[   D:8 =

Annotations:
D:9 Erica
D:11 Fannar


Innate Abilities, Weirdness & Mutations

You have very sharp teeth.
Your uncanny sense of smell can sniff out nearby items.
Your experience applies equally to all skills.


Message History

Fannar is heavily wounded.
The wall freezes Fannar but does no damage.
Fannar gestures at you while chanting. The bolt of cold misses you.
Unknown command.
You hit Fannar but do no damage. Your punch misses Fannar.
Fannar is heavily wounded.
The wall freezes Fannar but does no damage.
Fannar hits you with a staff of cold! Fannar freezes you!
Unknown command.
You closely miss Fannar.
Fannar is heavily wounded.
The wall freezes Fannar but does no damage.
Fannar closely misses you.
Unknown command.
You hit Fannar but do no damage. You bite Fannar, but do no damage.
Fannar is heavily wounded.
Fannar completely resists.
The wall freezes Fannar but does no damage.
Fannar hits you with a staff of cold! Fannar freezes you!
* * * LOW HITPOINT WARNING * * *
Unknown command.
You miss Fannar.
Fannar is heavily wounded.
Fannar completely resists.
The wall freezes Fannar but does no damage.
Fannar barely misses you.
Unknown command.
You hit Fannar.
Fannar is heavily wounded.
The wall freezes Fannar but does no damage.
Fannar hits you with a staff of cold.
* * * LOW HITPOINT WARNING * * *
Fannar freezes you!
* * * LOW HITPOINT WARNING * * *
As you read the scroll of fear, it crumbles to dust.
You assume a fearsome visage.
Fannar resists with some effort.
The wall freezes Fannar but does no damage.
Fannar hits you with a staff of cold.
You die...

*,,,,,,,,,,,,,,,**,,,,,,,,,,,,,,,
*,,,,,,,,,,,,,,,**,,,,,,,,,,,,,,,
,,,,,,,,,,,,,,,,**,,,,,,,,,,,,,,,
***+*****###########+******+*####
......,,,..........,,,....,,.....
..................#***#..#**#....
.........^...?....# #..# #....
...............e..# #..# #....
...........#***#@.# #..# #....
...........# #..# #..# #...#
...........#####..#####..# #...#
.........................####...#
......................†.†........
#################################


You could see Fannar (very poisoned).

Vanquished Creatures
  A two-headed ogre (D:9)
  Amaemon (D:8)
  A cyclops (D:12)
  A manticore (D:12)
  Maggie (D:9)
  An orange demon (D:8)
  A komodo dragon (D:12)
  A troll (D:12)
  Sigmund (D:6)
  27 yaks
  A shadow (D:10)
  A steam dragon (D:9)
  A wraith (D:12)
  A warg (D:9)
  An acid dragon (D:10)
  4 water moccasins
  A swamp drake (D:9)
  6 orc warriors
  2 sky beasts
  A black bear (D:6)
  11 centaurs
  A phantom (D:4)
  2 bullfrogs (D:11)
  5 scorpions
  A two-headed ogre simulacrum (D:11)
  2 wights (D:4)
  5 killer bees (D:9)
  5 jellies
  2 howler monkeys (D:9)
  7 orc priests
  4 hounds
  2 gnoll boudas
  13 orc wizards
  3 iguanas (D:5)
  8 gnolls
  4 adders
  2 naga simulacra (D:11)
  4 white imps
  A worm (D:4)
  2 dart slugs
  35 orcs
  4 bats
  7 endoplasms
  2 giant cockroaches
  5 goblins
  10 hobgoblins
  2 jackals (D:4)
  7 kobolds
  5 quokkas (D:3)
  6 ball pythons
  4 frilled lizards
  7 rats
233 creatures vanquished.

Vanquished Creatures (others)
  6 fungi (D:11)
  16 plants
22 creatures vanquished.

Grand Total: 255 creatures vanquished

Notes
Turn   | Place    | Note
-------+----------+-------------------------------------------
     0 | D:5      | Reached skill level 9 in Stealth
     0 | D:5      | leafyfresh the Gnoll Delver began the quest for the Orb.
     0 | D:5      | Reached XP level 1. HP: 23/23 MP: 1/1
     2 | D:5      | Noticed an iguana
     4 | D:5      | Noticed a jelly
    31 | D:5      | Noticed a hound
    72 | D:4      | Reached XP level 2. HP: 7/29 MP: 2/2
   408 | D:4      | Noticed a wight
   547 | D:2      | Reached XP level 3. HP: 35/35 MP: 2/4
   572 | D:2      | Reached skill level 1 in Invocations
   897 | D:2      | Found a faded altar of an unknown god.
  1055 | D:2      | Reached skill level 1 in Short Blades
  1055 | D:2      | Reached skill level 1 in Long Blades
  1055 | D:2      | Reached skill level 1 in Axes
  1055 | D:2      | Reached skill level 1 in Maces & Flails
  1055 | D:2      | Reached skill level 1 in Staves
  1055 | D:2      | Reached skill level 1 in Ranged Weapons
  1055 | D:2      | Reached skill level 1 in Throwing
  1055 | D:2      | Reached skill level 1 in Armour
  1055 | D:2      | Reached skill level 1 in Shields
  1055 | D:2      | Reached skill level 1 in Unarmed Combat
  1055 | D:2      | Reached skill level 1 in Spellcasting
  1055 | D:2      | Reached skill level 1 in Evocations
  1221 | D:1      | Found Zafary's Antique Armour Shop.
  1292 | D:1      | Found Ixoni's Antique Armour Shoppe.
  1315 | D:1      | Reached XP level 4. HP: 41/41 MP: 5/5
  1474 | D:1      | Found Nups's Antique Armour Shop.
  1721 | D:1      | Found Doalitwoseu's Magic Scroll Emporium.
  1728 | D:1      | Bought a scroll of identify for 28 gold pieces
  1911 | D:3      | Noticed a scorpion
  1919 | D:3      | Killed a scorpion
  1920 | D:3      | Reached skill level 1 in Conjurations
  1920 | D:3      | Reached skill level 1 in Hexes
  1920 | D:3      | Reached skill level 1 in Summonings
  1920 | D:3      | Reached skill level 1 in Necromancy
  1920 | D:3      | Reached skill level 1 in Translocations
  1920 | D:3      | Reached skill level 1 in Transmutations
  1920 | D:3      | Reached skill level 1 in Fire Magic
  1920 | D:3      | Reached skill level 1 in Ice Magic
  1920 | D:3      | Reached skill level 1 in Air Magic
  1920 | D:3      | Reached skill level 1 in Earth Magic
  1920 | D:3      | Reached skill level 1 in Poison Magic
  1920 | D:3      | Reached XP level 5. HP: 27/47 MP: 5/7
  2222 | D:3      | You fall into a shaft and drop 2 floors!
  2682 | D:3      | Found a burning altar of Makhleb.
  2682 | D:3      | Noticed a green death
  2819 | D:3      | Reached XP level 6. HP: 46/53 MP: 8/8
  3063 | D:4      | Reached skill level 5 in Polearms
  3063 | D:4      | Reached skill level 5 in Dodging
  3617 | D:3      | Learned a level 1 spell: Magic Dart
  3706 | D:4      | Reached XP level 7. HP: 22/55 MP: 8/10
  4306 | D:5      | Found a staircase to the Ecumenical Temple.
  4334 | Temple   | Entered the Ecumenical Temple
  4334 | Temple   | Noticed a chaos spawn
  4335 | Temple   | Noticed Voekh the pandemonium lord
  4335 | Temple   | Noticed a soul eater
  4335 | Temple   | Noticed Ucinusch the pandemonium lord
  4338 | Temple   | Noticed Buaqiokin the pandemonium lord
  4338 | Temple   | Noticed an Executioner
  4349 | Temple   | Became a worshipper of Warmaster Okawaru
  4568 | D:5      | Learned a level 3 spell: Mephitic Cloud
  4572 | D:5      | Learned a level 3 spell: Frozen Ramparts
  4718 | D:5      | Reached skill level 10 in Stealth
  4859 | D:5      | Reached XP level 8. HP: 67/67 MP: 12/12
  5223 | D:6      | Reached * piety under Okawaru
  5643 | D:6      | Noticed Sigmund
  5651 | D:6      | Killed Sigmund
  6015 | D:7      | Noticed a yak
  6016 | D:7      | Noticed a yak
  6031 | D:7      | Killed a yak
  6032 | D:7      | Reached XP level 9. HP: 46/73 MP: 8/15
  6935 | D:7      | Reached ** piety under Okawaru
  7289 | D:7      | Reached skill level 5 in Invocations
  7829 | D:8      | Noticed an eight-headed hydra
  8837 | D:8      | Noticed an orange demon
  8838 | D:8      | Noticed Amaemon
  8851 | D:8      | Found Rustin's Jewellery Shop.
  9079 | D:8      | Bought a ring of wizardry for 330 gold pieces
  9090 | D:8      | Learned a level 4 spell: Olgreb's Toxic Radiance
  9251 | D:9      | Noticed Erica
  9402 | D:9      | Reached skill level 5 in Short Blades
  9402 | D:9      | Reached skill level 5 in Long Blades
  9402 | D:9      | Reached skill level 5 in Axes
  9402 | D:9      | Reached skill level 5 in Maces & Flails
  9402 | D:9      | Reached skill level 5 in Staves
  9402 | D:9      | Reached skill level 5 in Ranged Weapons
  9402 | D:9      | Reached skill level 5 in Throwing
  9402 | D:9      | Reached skill level 5 in Armour
  9402 | D:9      | Reached skill level 5 in Shields
  9402 | D:9      | Reached skill level 5 in Unarmed Combat
  9402 | D:9      | Reached skill level 5 in Spellcasting
  9402 | D:9      | Reached skill level 5 in Evocations
  9402 | D:9      | Reached XP level 10. HP: 42/81 MP: 3/17
  9607 | D:9      | Noticed a two-headed ogre
  9637 | D:8      | Killed an orange demon
  9637 | D:8      | Reached *** piety under Okawaru
  9729 | D:8      | Killed Amaemon
  9730 | D:8      | Reached skill level 11 in Stealth
 10952 | D:8      | Reached **** piety under Okawaru
 11430 | D:9      | Killed a two-headed ogre
 11772 | D:9      | Received a gift from Okawaru
 11773 | D:9      | Reached skill level 5 in Conjurations
 11773 | D:9      | Reached skill level 5 in Hexes
 11773 | D:9      | Reached skill level 5 in Summonings
 11773 | D:9      | Reached skill level 5 in Necromancy
 11773 | D:9      | Reached skill level 5 in Translocations
 11773 | D:9      | Reached skill level 5 in Transmutations
 11773 | D:9      | Reached skill level 5 in Fire Magic
 11773 | D:9      | Reached skill level 5 in Ice Magic
 11773 | D:9      | Reached skill level 5 in Air Magic
 11773 | D:9      | Reached skill level 5 in Earth Magic
 11773 | D:9      | Reached skill level 5 in Poison Magic
 11837 | D:9      | Found the amulet of Elemental Vulnerability {rPois rF--
                  | rC-- AC+8}
 11923 | D:9      | Reached XP level 11. HP: 39/89 MP: 12/20
 12256 | D:9      | Found a staircase to the Orcish Mines.
 12642 | D:9      | Noticed Maggie
 13369 | D:9      | Killed Maggie
 13600 | D:9      | Learned a level 5 spell: Irradiate
 13601 | Orc:1    | Entered Level 1 of the Orcish Mines
 13608 | Orc:1    | Noticed an orc knight
 13993 | D:10     | Entered Level 10 of the Dungeon
 14006 | D:10     | Reached ***** piety under Okawaru
 14769 | D:10     | Received a gift from Okawaru
 14864 | D:11     | Found a frozen archway.
 14875 | D:11     | Noticed Fannar
 14900 | D:11     | Noticed a seven-headed hydra
 15326 | D:12     | Received a gift from Okawaru
 15385 | D:12     | Noticed a cyclops
 15394 | D:12     | Killed a cyclops
 15602 | D:12     | Noticed a manticore
 15609 | D:12     | Killed a manticore
 16086 | D:11     | Slain by Fannar

Illustrated notes

Levels and vault maps discovered:
D:1:      minmay_arrival_shoal_huts, layout_basic, serial_shops, shop, shop,
          shop, nicolae_square_shop
D:2:      layout_loops_ring, shapermc_ecumenical_altar_acropolis, serial_glass,
          glass_columns_a, glass_columns_c, chequers_serial_rivers_micro_a,
          grunt_ministairs_15, minmay_misc_feat_tiny
D:3:      layout_basic, makhleb_altar_promises_db, portal_sewer_entry_f,
          serial_bayou, serial_bayou_lagoon_a, serial_bayou_shore_b,
          serial_bayou_crossing, serial_bayou_pond_e
D:4:      layout_rooms, feat_on_display
D:5:      layout_basic, temple_doors_e, chequers_serial_rivers_micro_e
D:6:      layout_cave_pools, uniq_sigmund
D:7:      layout_basic
D:8:      layout_rooms, serial_shops, shop, minmay_stone_trees_large,
          kennysheep_generic_room_5, uniq_amaemon
D:9:      layout_grid_maze, erik_orc_1, grunt_decor_mini_mirrors, uniq_erica,
          uniq_maggie
D:10:     layout_gridville, centaur_isle
D:11:     layout_stronghold, grunt_lair_entry_orc_guard_hut,
          portal_ice_cave_entry_ice_simulacra, uniq_fannar
D:12:     layout_layer_cave
Temple:   nicolae_temple_panitentiary
Orc:1:    layout_caves, mines2_david

Skill      XL: |  1  2  3  4  5  6  7  8  9 10 11 |
---------------+----------------------------------+-----
Stealth        | 10 11 | 11.7
Invocations    | 1 2 3 4 5 6 7 |  7.6
Short Blades   | 1 2 3 4 5 6 |  6.9
Long Blades    | 1 2 3 4 5 6 |  6.9
Axes           | 1 2 3 4 5 6 |  6.9
Maces & Flails | 1 2 3 4 5 6 |  6.9
Staves         | 1 2 3 4 5 6 |  6.9
Ranged Weapons | 1 2 3 4 5 6 |  6.9
Throwing       | 1 2 3 4 5 6 |  6.9
Armour         | 1 2 3 4 5 6 |  6.9
Shields        | 1 2 3 4 5 6 |  6.9
Unarmed Combat | 1 2 3 4 5 6 |  6.9
Spellcasting   | 1 2 3 4 5 6 |  6.9
Evocations     | 1 2 3 4 5 6 |  6.9
Conjurations   | 1 2 3 4 5 |  5.7
Hexes          | 1 2 3 4 5 |  5.7
Summonings     | 1 2 3 4 5 |  5.7
Necromancy     | 1 2 3 4 5 |  5.7
Translocations | 1 2 3 4 5 |  5.7
Transmutations | 1 2 3 4 5 |  5.7
Fire Magic     | 1 2 3 4 5 |  5.7
Ice Magic      | 1 2 3 4 5 |  5.7
Air Magic      | 1 2 3 4 5 |  5.7
Earth Magic    | 1 2 3 4 5 |  5.7
Poison Magic   | 1 2 3 4 5 |  5.7
Polearms       | 5 6 7 8 |  8.4
Dodging        | 5 6 7 8 |  8.4
Fighting       | 7 8 9 |  9.6

Action                   |  1- 3 |  4- 6 |  7- 9 | 10-12 || total
-------------------------+-------+-------+-------+-------++-------
Melee: Spear             |    24 |       |       |       ||    24
       Bite              |     3 |     3 |     1 |    22 ||    29
       Hand axe          |       |    19 |    16 |   117 ||   152
       Shortbow          |       |       |     1 |     1 ||     2
       Punch             |       |       |     2 |     6 ||     8
 Fire: Shortbow          |    60 |    86 |   196 |   220 ||   562
 Cast: Magic Dart        |       |     2 |       |     1 ||     3
       Frozen Ramparts   |       |       |     6 |     8 ||    14
       Mephitic Cloud    |       |       |     4 |     6 ||    10
       Olgreb's Toxic Ra |       |       |     2 |    20 ||    22
Invok: Heroism           |       |       |       |     1 ||     1
Evoke: Wand              |       |       |     1 |     6 ||     7
  Use: Scroll            |     1 |    12 |     8 |     9 ||    30
       Potion            |       |     1 |       |     1 ||     2
 Stab: Sleeping          |       |     2 |       |       ||     2
       Confused          |       |       |     2 |     6 ||     8
Armor: Leather armour    |     6 |    11 |    12 |       ||    29
       Ring mail         |       |       |    16 |    30 ||    46
       Steam dragon scal |       |       |       |    22 ||    22
Dodge: Dodged            |    19 |    42 |    73 |   157 ||   291
Block: Other             |       |    15 |    27 |    23 ||    65
       Reflection        |       |       |     1 |     1 ||     2
